 Dungeon Crawl Stone Soup version 0.31.0-12-g77e489cdc1 (webtiles) character file.

Game seed: 14095693974272041597

102 Curundu the Chopper (level 4, -2/41 HPs)
             Began as a Minotaur Berserker on Mar 4, 2024.
             Was a Believer of Trog.
             Slain by a scorpion (4 damage)
             ... on level 4 of the Dungeon.
             The game lasted 00:06:31 (2515 turns).

Curundu the Chopper (Minotaur Berserker)            Turns: 2515, Time: 00:06:32

Health: -2/41      AC:  2    Str: 23    XL:     4   Next: 50%
Magic:  3/3        EV: 12    Int:  4    God:    Trog [**....]
Gold:   110        SH:  0    Dex: 10    Spells: 3/3 levels left

rFire   . . .        j - +0 war axe
rCold   . . .        (no shield)
rNeg    . . .        b - +0 animal skin
rPois   .            (helmet restricted)
rElec   .            c - scarf {repulsion}
rCorr   .            (no gloves)
SInv    .            (no boots)
Will    .....        (no amulet)
Stlth   +            (no ring)
HPRegen 0.26/turn    (no ring)
MPRegen 0.08/turn

%: repel missiles
@: lethally poisoned (-2 -> -7)
A: horns 2, retaliatory headbutt
a: Renounce Religion, Berserk, Trog's Hand


You were on level 4 of the Dungeon.
You worshipped Trog.
Trog was pleased with you.
You visited 1 branch of the dungeon, and saw 4 of its levels.

You collected 110 gold pieces.

Inventory:

Hand Weapons
 j - a +0 war axe (weapon)
Armour
 b - a +0 animal skin (worn)
 c - a scarf of repulsion (worn)
Jewellery
 k - a ring of resist corrosion
Scrolls
 d - a scroll of enchant armour
 e - 6 scrolls of identify {unknown}
 g - 2 scrolls of vulnerability {unknown}
 h - 2 scrolls of teleportation {unknown}
 i - a scroll of immolation {unknown}
 l - a scroll of blinking {unknown}
 p - 3 scrolls of brand weapon {unknown}
Potions
 a - a potion of haste {unknown}
 f - 2 potions of curing {unknown}
 m - a potion of degeneration {unknown}
 n - a potion of berserk rage {unknown}
 o - 2 potions of resistance {unknown}


   Skills:
 + Level 4.4 Fighting
 + Level 5.1 Axes
 + Level 2.5 Armour
 + Level 3.0 Dodging
 + Level 0.8 Stealth


You had 3 spell levels left.
You didn't know any spells.
Your spell library was empty.

Dungeon Overview and Level Annotations

Branches:
Dungeon (4/15)
 Temple: D:4-7

Altars:
Cheibriados
Qazlal
Sif Muna
Trog

Shops:
D:1 *(   D:3 (


Innate Abilities, Weirdness & Mutations

You have a pair of horns on your head.
You reflexively headbutt those who attack you in melee.


Message History

You barely miss the quokka. The quokka barely misses you. The quokka bites you.
You barely miss the quokka. The quokka barely misses you.
You furiously retaliate!
You headbutt the quokka!
You kill the quokka!
Trog accepts your kill.
You now have 90 gold pieces (gained 11).
You now have 110 gold pieces (gained 20).
Found a bloodstained altar of Trog.
A kobold comes into view. It is wielding a +0 club.
A kobold is nearby!
The kobold shouts!
You enter a teleport trap!
The teleport trap disappears.
Your surroundings suddenly seem different.
A sky beast comes into view.
Found a stormy altar of Qazlal.
Found a stone staircase leading down.
A scorpion comes into view.
Found a scroll labelled COJAIFAOSA.
The sky beast flickers out of sight!
Deactivating autopickup; reactivate with Ctrl-A.
Something hits you. Something shocks you.
You slash something! Your headbutt misses something.
Something hits you but does no damage.
You miss something. Your headbutt misses something. You slash the scorpion!
The scorpion stings you.
You are poisoned.
The scorpion poisons you! Something hits you. Something shocks you.
The scorpion barely misses you.
You miss something. You closely miss the scorpion.
You feel very sick. Something hits you. Something shocks you.
* * * LOW HITPOINT WARNING * * *
The scorpion closely misses you. Something hits you.
* * * LOW HITPOINT WARNING * * *
Something shocks you.
* * * LOW HITPOINT WARNING * * *
You closely miss something. Your headbutt misses something.
You hit the scorpion.
* * * LOW HITPOINT WARNING * * *
You feel sick. The scorpion stings you.
You die...

...............
......#.#.......
#...#...#......
?#..#.....#.....
......._........
....#.....#.....
#..#.{s#...>#
#...#@#....#
#..........#
####.......#
#########


You could see a scorpion.

Vanquished Creatures
  An iguana (D:4)
  3 adders
  A ribbon worm (D:2)
  2 dart slugs (D:2)
  3 bats
  An endoplasm (D:1)
  2 giant cockroaches
  3 goblins
  7 hobgoblins
  A jackal (D:1)
  4 kobolds
  2 quokkas
  7 ball pythons
  3 frilled lizards
  7 rats
47 creatures vanquished.

Notes
Turn   | Place    | Note
-------+----------+-------------------------------------------
     0 | D:1      | Curundu the Minotaur Berserker began the quest for the Orb.
     0 | D:1      | Reached XP level 1. HP: 19/19 MP: 0/0
   303 | D:1      | Found Extavys's General Store.
   429 | D:1      | Reached XP level 2. HP: 7/27 MP: 1/1
   551 | D:1      | Found Afoacze's Antique Weapon Shoppe.
   753 | D:1      | Reached skill level 4 in Axes
  1142 | D:2      | Found a shimmering blue altar of Sif Muna.
  1361 | D:2      | Reached ** piety under Trog
  1373 | D:2      | Found a faded altar of an unknown god.
  1454 | D:2      | Reached XP level 3. HP: 33/33 MP: 2/2
  2028 | D:3      | Found a snail-covered altar of Cheibriados.
  2297 | D:3      | Reached XP level 4. HP: 41/41 MP: 3/3
  2354 | D:3      | Found Keerphoez's Antique Weapon Emporium.
  2477 | D:4      | Reached skill level 5 in Axes
  2506 | D:4      | Found a bloodstained altar of Trog.
  2509 | D:4      | Found a stormy altar of Qazlal.
  2509 | D:4      | Noticed a sky beast
  2510 | D:4      | Noticed a scorpion
  2515 | D:4      | HP: 2/41 [poisoned by a scorpion]
  2515 | D:4      | Slain by a scorpion

Illustrated notes

Levels and vault maps discovered:
D:1:      reono_arrival_mine, layout_loops_corners, serial_shops, shop, shop,
          dk_noncrumbling_4, corexii_corridor_pit, minmay_tall_x
D:2:      layout_loops_corners, hellmonk_ecumenical_altar_inner_sanctum,
          basic_altar, minivault_11
D:3:      layout_basic, mainiacjoe_overflow_paths, serial_shops,
          nicolae_shop_tiny_real_fake_doors
D:4:      layout_cave_pools, nicolae_qazlal_beasts_of_the_sky,
          mainiacjoe_overflow_small_starburst, lemuel_tele_altar,
          serial_column_ruins, column_ruins_hut, column_ruins_grid_2,
          column_ruins_corridor_corner, column_ruins_columns_straight,
          column_ruins_grid_1, kennysheep_nub, uniq_grinder

Skill      XL: |  1  2  3  4 |
---------------+-------------+-----
Axes           | 4 5 |  5.1
Fighting       | 4 |  4.4
Dodging        | 3 |  3.0
Armour         | |  2.5
Stealth        | |  0.8

Action                     |  1- 3 |  4- 6 || total
---------------------------+-------+-------++-------
  Melee: Hand axe          |    35 |       ||    35
         Headbutt          |    10 |       ||    10
         Punch             |     2 |       ||     2
         War axe           |    61 |    14 ||    75
 Invoke: Berserk           |     1 |       ||     1
    Use: Scroll            |       |     1 ||     1
 Armour: Animal skin       |    44 |    12 ||    56
  Dodge: Dodged            |    69 |    13 ||    82
         Repelled          |     1 |       ||     1
